Map: Ruins of Seras

Players

Honor - Winner!

  • Race: Protoss Protoss
  • League: Master

A.I. 1 (Elite)

  • Race: Terran Terran

VOD

Have the link to the VOD?

Description

Time

  • Played on: Dec. 11, 2015, 3:23 a.m.
  • Length: 5:41
Show
View Real Time Build Order
Export as new Build Order

Honor Protoss - Winner!

Build Orders: Mass Adepts 

Get SALT Encoding   

  12  0:01  Probe (Chrono Boost)  
  13  0:11  Probe (Chrono Boost)  
  14  0:19  Pylon  
  14  0:23  Probe (Chrono Boost)  
  15  0:37  Probe (Chrono Boost)  
  15  0:39  Gateway  
  16  0:45  Assimilator  
  16  0:48  Probe (Chrono Boost)  
  17  0:59  Probe (Chrono Boost)  
  17  1:00  Pylon  
  18  1:09  Probe (Chrono Boost)  
  19  1:20  Probe (Chrono Boost)  
  20  1:28  Cybernetics Core  
  20  1:30  Probe (Chrono Boost)  
  23  1:41  Probe (Chrono Boost)  
  24  1:51  Probe (Chrono Boost)  
  25  1:59  Nexus  
  23  2:04  Mothership Core (Chrono Boost)  
  23  2:06  Warp Gate (Chrono Boost)  
  25  2:14  Adept  
  27  2:22  Probe (Chrono Boost)  
  28  2:34  Probe  
  29  2:44  Gateway  
  29  2:45  Gateway  
  29  2:46  Probe  
  30  2:58  Probe  
  31  3:12  Gateway  
  31  3:13  Probe  
  31  3:18  Gateway  
  32  3:20  Gateway  
  32  3:24  Pylon  
  32  3:55  Adept  
  34  3:56  Adept x2  
  38  4:07  Pylon  
  38  4:11  Adept  
  38  4:12  Adept  
  38  4:13  Adept  
  38  4:15  Adept  
  46  4:19  Adept  
  46  4:20  Adept  
  50  4:25  Pylon  
  50  4:31  Adept x2  
  54  4:39  Adept x2  
  54  4:40  Adept  
  60  4:47  Adept  
  60  4:49  Pylon  
  62  5:01  Adept x2  
  62  5:02  Adept  
  66  5:07  Zealot x2  
  70  5:17  Pylon  
  70  5:18  Adept  
  72  5:22  Adept  
Show
View Real Time Build Order
Export as new Build Order

A.I. 1 (Elite) Terran 

Build Orders:  

Get SALT Encoding   

  12  0:00  SCV  
  13  0:13  SCV  
  14  0:19  Supply Depot  
  14  0:25  SCV  
  15  0:41  SCV  
  16  0:43  Barracks  
  16  0:53  SCV  
  17  1:05  SCV  
  18  1:17  SCV  
  19  1:18  Supply Depot  
  19  1:23  Refinery  
  19  1:29  SCV  
  19  1:30  Marine  
  21  1:41  SCV  
  22  1:48  Marine  
  22  1:53  SCV, Barracks  
  24  1:58  Refinery  
  24  2:05  Supply Depot, Marine  
  24  2:06  Orbital Command  
  25  2:23  Marine  
  26  2:31  SCV  
  27  2:41  Marine  
  27  2:44  SCV  
  29  2:47  Command Center  
  29  3:03  Factory  
  30  3:05  SCV  
  30  3:08  Marine  
  30  3:10  Marine  
  32  3:17  SCV  
  33  3:26  Marine  
  34  3:28  Marine  
  34  3:29  SCV  
  36  3:38  Barracks  
  36  3:42  SCV  
  36  3:44  Barracks Tech Lab  
  36  3:47  Barracks Tech Lab  
  37  3:54  SCV  
  38  3:59  SCV, Starport, Factory Tech Lab  
  39  4:06  SCV  
  40  4:10  Marine  
  40  4:11  SCV  
  40  4:13  Marine  
  43  4:18  SCV  
  43  4:22  Combat Shields  
  43  4:23  SCV  
  45  4:29  Marine  
  45  4:30  SCV, Supply Depot  
  47  4:32  Marine  
  47  4:35  SCV  
  49  4:42  SCV, Medivac  
  49  4:43  Marine  
  53  4:47  Orbital Command  
  53  4:49  Marine  
  53  4:52  Marine  
  55  4:54  SCV  
  55  4:58  Supply Depot  
  52  5:02  Marine  
  43  5:07  Marine  
  40  5:21  Marine  
  40  5:22  Marine  
Tags
 
Add a new tag
Caveats
  • Supply blocks, unpowered buildings, or Contaminate may cause inaccurate times.
  • Supply counts are checked every 10 seconds.